 Dungeon Crawl Stone Soup version 0.27-a0-1232-gc6a4cbde82 (webtiles) character file.

Game seed: 301180041172777137

2021 deadmanwalking the Tainter (level 9, -1/74 HPs)
             Began as a Naga Venom Mage on June 6, 2021.
             Was a Priest of Sif Muna.
             Slain by Maggie
             ... wielding a +2 vorpal glaive
              (3 damage)
             ... on level 7 of the Dungeon on June 8, 2021.
             The game lasted 00:33:15 (9554 turns).

deadmanwalking the Tainter (Naga Venom Mage)        Turns: 9554, Time: 00:33:16

Health: -1/74      AC:  5    Str: 23    XL:     9   Next: 23%
Magic:  6/16       EV: 10    Int: 18    God:    Sif Muna [***...]
Gold:   121        SH:  0    Dex: 12    Spells: 4/18 levels left

rFire    . . .     SeeInvis +   a - +3 dagger (drain)
rCold    . . .     Faith    .   (no shield)
rNeg     . . .     Spirit   .   d - +1 robe
rPois    +         Reflect  .   (no helmet)
rElec    .         Harm     .   (no cloak)
rCorr    .         Rampage  .   (no gloves)
Will     +....                  (no barding)
Stlth    ++........             j - amulet of magic regeneration
HPRegen  0.22/turn              g - +6 ring of strength
MPRegen  0.40/turn              c - +6 ring of strength

@: mesmerised, studying 2 skills, very slow
A: AC +3, large, see invisible, deformed body, poison resistance, slowness 2,
spit poison 1, naga tail 1
a: Spit Poison, Renounce Religion, Channel Magic, Forget Spell


You were on level 7 of the Dungeon.
You worshipped Sif Muna.
Sif Muna was most pleased with you.
You visited 2 branches of the dungeon, and saw 8 of its levels.

You collected 327 gold pieces.
You spent 206 gold pieces at shops.

Inventory:

Hand Weapons
 a - a +3 dagger of draining (weapon)
 b - a +0 hunting sling
Missiles
 k - 19 poisoned darts
 l - 164 stones
 p - 2 datura-tipped darts
 r - 22 arrows
Armour
 d - a +1 robe (worn)
Magical Staves
 w - a staff of conjuration
Jewellery
 c - a +6 ring of strength (right hand)
 g - a +6 ring of strength (left hand)
 h - an amulet of the acrobat
 j - an amulet of magic regeneration (around neck)
Wands
 i - a wand of polymorph (9)
 m - a wand of iceblast (2)
Potions
 e - a potion of ambrosia
 q - a potion of flight
 v - 2 potions of magic


   Skills:
 + Level 2.5 Fighting
 - Level 1.5 Dodging
 - Level 3.0 Stealth
 + Level 5.2 Spellcasting
 - Level 5.0 Transmutations
 + Level 4.9 Fire Magic
 + Level 8.1 Poison Magic
 + Level 5.4 Invocations


You had 4 spell levels left.
You knew the following spells:

 Your Spells              Type           Power      Damage    Failure   Level
a - Sting                 Tmut/Pois      100%       1d8       1%          1
b - Ignite Poison         Fire/Tmut/Pois 26%        N/A       3%          3
c - Olgreb's Toxic Radia  Pois           33%        N/A       4%          4
d - Mephitic Cloud        Conj/Pois/Air  14%        N/A       13%         3
e - Stone Arrow           Conj/Erth      8%         3d7       36%         3

Your spell library contained the following spells:

 Spells                   Type           Power      Damage    Failure   Level
 Poisonous Vapours        Pois/Air       38%        N/A       3%          2
 Passwall                 Tmut/Erth      10%        N/A       7%          2
 Conjure Flame            Conj/Fire      13%        6-21      14%         3
 Petrify                  Tmut/Erth      13%        N/A       43%         4
 Sticky Flame             Conj/Fire      13%        2d4       43%         4
 Starburst                Conj/Fire      6%         8x6d4     100%        6
 Statue Form              Tmut/Erth      8%         N/A       100%        6


Dungeon Overview and Level Annotations

Branches:
Dungeon (7/15)             Temple (1/1) D:6

Altars:
Cheibriados
Dithmenos
Elyvilon
Fedhas
Gozag
Hepliaklqana
Kikubaaqudgha
Makhleb
Nemelex Xobeh
Okawaru
Qazlal
Ru
Sif Muna
Trog
Uskayaw
Vehumet
Wu Jian
Xom
Yredelemnul
Zin
The Shining One

Shops:
D:4 [   D:5 [?*!

Annotations:
D:2 1 runed translucent door, Crazy Yiuf
D:7 Maggie


Innate Abilities, Weirdness & Mutations

Your serpentine skin is tough. (AC +3)
You have supernaturally acute eyesight. (SInv)
Armour fits poorly on your strangely shaped body.
Your system is resistant to poisons. (rPois)
You cover ground very slowly.
You can spit poison.
You have a snake-like lower body.


Message History

Maggie is heavily wounded.
You break out of your daze.
Maggie hits you from afar with a +2 vorpal glaive.
Casting: Ignite Poison (dangerous; 3% risk of failure)
Confirm with . or Enter, or press ? or * to list all spells.
Aiming: Sting (safe; 1% risk of failure)
Press: ? - help, Shift-Dir - straight line, f/p - Maggie
Aim: Maggie, wielding a +2 vorpal glaive and wearing +2 swamp dragon scales (heavily wounded, 81% to hit)
You miscast Sting.
You are very lightly contaminated with residual magic.
Nothing appears to happen.
Maggie closely misses you.
Casting: Sting (safe; 1% risk of failure)
Confirm with . or Enter, or press ? or * to list all spells.
Aiming: Sting (safe; 1% risk of failure)
Press: ? - help, Shift-Dir - straight line, f/p - Maggie
Aim: Maggie, wielding a +2 vorpal glaive and wearing +2 swamp dragon scales (heavily wounded, 81% to hit)
The sting hits Maggie.
Maggie partially resists.
Maggie is heavily wounded.
You have got your breath back.
Maggie hits you from afar with a +2 vorpal glaive!
* * * LOW HITPOINT WARNING * * *
x2 It was a potion of cancellation.
You feel magically purged.
Your magical contamination has completely faded away.
Maggie casts a spell.
Maggie attempts to bespell you!
You are mesmerised by Maggie!
You feel better.
Maggie hits you from afar with a +2 vorpal glaive.
* * * LOW HITPOINT WARNING * * *
x2
Casting: Sting (safe; 1% risk of failure)
Confirm with . or Enter, or press ? or * to list all spells.
Aiming: Sting (safe; 1% risk of failure)
Press: ? - help, Shift-Dir - straight line, f/p - Maggie
Aim: Maggie, wielding a +2 vorpal glaive and wearing +2 swamp dragon scales (heavily wounded, mesmerising, 81% to hit)
The sting hits Maggie but does no damage.
Maggie is poisoned.
Maggie is heavily wounded.
Maggie hits you from afar with a +2 vorpal glaive!
* * * LOW HITPOINT WARNING * * *
You die...

###.........##
#
##...###...##
#...# ###..##
#..## ##..##
#..# ##..###
##.# #....##
#.. ##....# ..
##...# #@..#
#.?.## #@.## #
...# ... #..##
... ..# ..#
..# ..# ..#
..#


You could see Maggie (mesmerising, poisoned).

Vanquished Creatures
  2 ice beasts
  2 sky beasts (D:6)
  2 ogres (D:5)
  3 black bears
  A centaur (D:7)
  A phantom (D:5)
  3 scorpions
  A wight (D:5)
  A howler monkey (D:6)
  2 orc priests (D:4)
  2 jellies
  3 hounds
  A centaur skeleton (D:3)
  Natasha (thrice) (D:2)
  4 iguanas
  2 orc wizards (D:4)
  A hound zombie (D:5)
  10 adders
  14 gnolls
  A shadow imp (D:6)
  A white imp (D:6)
  An ufetubus (D:6)
  3 worms
  6 dart slugs
  8 orcs
  11 ball pythons
  4 endoplasms
  2 giant cockroaches
  7 goblins
  5 hobgoblins
  2 quokkas (D:1)
  3 bats
  4 frilled lizards
  5 kobolds
121 creatures vanquished.

Notes
Turn   | Place    | Note
-------+----------+-------------------------------------------
     0 | D:1      | deadmanwalking the Naga Venom Mage began the quest for the
                  | Orb.
     0 | D:1      | Reached XP level 1. HP: 15/15 MP: 3/3
   289 | D:1      | Reached XP level 2. HP: 22/22 MP: 1/5
   515 | D:1      | Found a faded altar of an unknown god.
   521 | D:1      | Became a worshipper of Sif Muna the Loreminder
   521 | D:1      | Reached * piety under Sif Muna
   901 | D:1      | Reached XP level 3. HP: 21/28 MP: 1/6
   905 | D:1      | Learned a level 3 spell: Ignite Poison
  1201 | D:2      | Noticed Natasha
  1214 | D:2      | Killed Natasha
  1215 | D:2      | Reached skill level 1 in Invocations
  1382 | D:2      | Reached XP level 4. HP: 34/36 MP: 1/7
  1459 | D:2      | Reached skill level 1 in Fire Magic
  1709 | D:2      | Learned a level 4 spell: Olgreb's Toxic Radiance
  1830 | D:2      | Reached ** piety under Sif Muna
  1915 | D:2      | Noticed Natasha
  1923 | D:2      | Killed Natasha
  1924 | D:2      | Reached skill level 5 in Poison Magic
  1924 | D:2      | Reached XP level 5. HP: 15/42 MP: 4/9
  1932 | D:2      | Noticed Natasha
  1944 | D:2      | Killed Natasha
  2441 | D:2      | Upgraded the game from 0.27-a0-1219-g958d993ae5 to
                  | 0.27-a0-1232-gc6a4cbde82
  2694 | D:2      | Reached XP level 6. HP: 24/49 MP: 2/10
  2698 | D:2      | Learned a level 3 spell: Mephitic Cloud
  3288 | D:2      | Found a runed translucent door.
  3289 | D:2      | Noticed Crazy Yiuf
  3347 | D:2      | Noticed a black bear
  3349 | D:2      | Killed a black bear
  4973 | D:3      | Found a sparkling altar of Nemelex Xobeh.
  5099 | D:4      | Reached XP level 7. HP: 40/55 MP: 3/12
  5192 | D:4      | Reached skill level 6 in Poison Magic
  5263 | D:4      | Identified the +7 war axe "Cawkyub" {antimagic, rElec
                  | rPois}
  5394 | D:4      | Found Zotifeyk's Antique Armour Boutique.
  5694 | D:4      | Reached *** piety under Sif Muna
  6359 | D:5      | Entered Level 5 of the Dungeon
  6630 | D:5      | Found Habaqoh's Assorted Antiques.
  6635 | D:5      | Reached XP level 8. HP: 62/62 MP: 9/14
  6877 | D:5      | Found a burning altar of Makhleb.
  6877 | D:5      | Found a snail-covered altar of Cheibriados.
  7073 | D:5      | Found Gocum's Magic Scroll Shoppe.
  7227 | D:5      | Found Vesiedwu's Distillery.
  7230 | D:5      | Bought 2 potions of degeneration for 26 gold pieces
  7313 | D:4      | Bought a twisted cloak for 180 gold pieces
  7313 | D:4      | Identified the +5 cloak of the Jabberwock {-Cast rPois
                  | Dex+5 SInv} (You bought it in a shop on level 4 of the
                  | Dungeon)
  7382 | D:5      | Reached skill level 7 in Poison Magic
  7621 | D:5      | Found Yfaficoawi's Antique Armour Shop.
  8394 | D:6      | Reached skill level 5 in Transmutations
  8394 | D:6      | Reached skill level 5 in Invocations
  8455 | D:6      | Found a staircase to the Ecumenical Temple.
  8468 | Temple   | Entered the Ecumenical Temple
  8748 | D:6      | Reached skill level 1 in Fighting
  8748 | D:6      | Reached XP level 9. HP: 70/70 MP: 3/16
  8897 | D:6      | Reached skill level 5 in Spellcasting
  9381 | D:7      | Reached skill level 8 in Poison Magic
  9486 | D:7      | Identified a scroll of acquirement
  9486 | D:7      | Acquired the Reference Book on the Excruciating Rocks
  9492 | D:7      | Learned a level 3 spell: Stone Arrow
  9538 | D:7      | Noticed Maggie
  9554 | D:7      | HP: 2/74 [Maggie/+2 vorpal glaive (13)]
  9554 | D:7      | Slain by Maggie

Illustrated notes

Levels and vault maps discovered:
D:1:      dpeg_arrival_simpleton_a, layout_rooms, basic_ecumenical_altar,
          serial_park_tiny_2, interstate_on_off, hangedman_decor_lopped
D:2:      minmay_door_path, layout_basic, uniq_natasha, uniq_crazy_yiuf_cottage
D:3:      layout_basic, nicolae_overflow_hidden_temple
D:4:      layout_gridville, serial_shops, shop, minmay_manual_monstrance
D:5:      layout_loops_corners, jmf_multi_god_temple, serial_shops,
          kennysheep_mini_moat, nicolae_shop_statue_plus, shop, shop
D:6:      layout_basic, minmay_temple_entry_ruins, hex_medium
D:7:      layout_layer_cave, uniq_maggie
Temple:   dpeg_five_rooms_temple

Skill      XL: |  1  2  3  4  5  6  7  8  9 |
---------------+----------------------------+-----
Transmutations | 2 3 4 5 |  5.0
Invocations    | 1 2 3 5 |  5.4
Fire Magic     | 1 2 3 4 |  4.9
Poison Magic   | 5 6 7 8 |  8.1
Spellcasting   | 3 4 5 |  5.2
Fighting       | 1 2 |  2.5
Dodging        | |  1.5
Stealth        | |  3.0

Action                   |  1- 3 |  4- 6 |  7- 9 || total
-------------------------+-------+-------+-------++-------
Melee: Dagger            |     5 |    24 |    32 ||    61
Throw: Stone             |       |     5 |       ||     5
       Dart              |       |       |     2 ||     2
 Cast: Sting             |    50 |   108 |    88 ||   246
       Ignite Poison     |       |     5 |    29 ||    34
       Olgreb's Toxic Ra |       |       |    11 ||    11
       Mephitic Cloud    |       |       |     4 ||     4
 Abil: Spit Poison       |       |     4 |     2 ||     6
Evoke: Wand              |       |       |     7 ||     7
  Use: Scroll            |     3 |     4 |     8 ||    15
       Potion            |     1 |     1 |     2 ||     4
 Stab: Sleeping          |       |     1 |     4 ||     5
Armor: Robe              |     4 |    17 |    20 ||    41
Dodge: Dodged            |     4 |    30 |    41 ||    75

Table legend: (Time is in decaauts)
 A = Elapsed time spent in this place.
 B = Non-inter-level travel time spent in this place.
 C = Inter-level travel time spent in this place.
 D = Time resting spent in this place.
 E = Time spent auto-exploring this place.
 F = Levels seen in this place.
 G = Mean time per level.
                   A        B        C        D        E       F      G
               +--------+--------+--------+--------+--------+-----+--------+
         Total |  11533 |  10509 |   1024 |      7 |   9415 |   8 | 1441.6 |
       Dungeon |  11162 |  10206 |    956 |      7 |   9120 |   7 | 1594.6 |
        Temple |    370 |    303 |     67 |      0 |    294 |   1 |  370.0 |
               +--------+--------+--------+--------+--------+-----+--------+

Top non-repeatable levels by time:
     D:2: 2754 daAuts
     D:5: 2039 daAuts
     D:3: 1961 daAuts
     D:4: 1648 daAuts
     D:1: 1396 daAuts
     D:6: 1184 daAuts
  Temple: 370 daAuts
     D:7: 177 daAuts
